 Dungeon Crawl Stone Soup version 0.19.0-19-g8c6edcc (webtiles) character file.

35907 Monkfish the Unseen (level 14, -2/130 HPs)
             Began as a Kobold Berserker on Nov 13, 2016.
             Was a High Priest of Trog.
             Slain by a seven-headed hydra (6 damage)
             ... on level 4 of the Lair of Beasts.
             The game lasted 00:25:00 (14136 turns).

Monkfish the Unseen (Kobold Berserker)             Turns: 14136, Time: 00:25:01

Health: -2/130     AC:  7    Str: 25    XL:     14   Next: 21%
Magic:  17/17      EV: 22    Int:  8    God:    Trog [*****.]
Gold:   894        SH: 10    Dex: 14    Spells: 0 memorised, 13 levels left

rFire  + + .     SeeInvis .     A - +1 dagger (elec)
rCold  + + +     Gourm    .     w - +2 troll leather armour
rNeg   . . .     Faith    +     G - +3 buckler of Gestures {*Drain rC+++ Slay+5}
rPois  .         Spirit   .     o - +2 helmet
rElec  +         Reflect  .     v - +0 cloak of Servitude {*Corrode rElec rF++}
rCorr  .         Harm     .     b - +0 pair of gloves
MR     +++..                    (no boots)
Stlth  ..........               t - amulet of faith
                                (no ring)
                                (no ring)

@: berserking, corroded, regenerating, slowed
A: carnivore 3
a: Berserk, Trog's Hand, Brothers in Arms, Burn Spellbooks, Renounce Religion


You were on level 4 of the Lair of Beasts.
You worshipped Trog.
Trog was extremely pleased with you.
You were very full.

You visited 3 branches of the dungeon, and saw 17 of its levels.
You also visited: Ossuary and Ice Cave.

You collected 894 gold pieces.

Inventory:

Hand Weapons
 a - a +1 short sword
 A - a +1 dagger of electrocution (weapon)
Armour
 b - a +0 pair of gloves (worn)
 o - a +2 helmet (worn)
 v - the +0 cloak of Servitude (worn) {*Corrode rElec rF++}
   (You found it on level 9 of the Dungeon)

   It greatly protects you from fire.
   It insulates you from electricity.
   It may corrode you when you take damage.
 w - a +2 troll leather armour (worn)
 G - the +3 buckler of Gestures (worn) {*Drain rC+++ Slay+5}
   (You found it on level 10 of the Dungeon)

   It affects your accuracy and damage with ranged weapons and melee attacks
   (+5).
   It renders you almost immune to cold.
   It causes draining when unequipped.
Jewellery
 e - the amulet of the Spinneret {+Rage rF- Str+2 Int+4 Dex+2}
   (You acquired it on level 9 of the Dungeon)

   [amulet of rage]

   It affects your strength (+2).
   It affects your intelligence (+4).
   It affects your dexterity (+2).
   It makes you vulnerable to fire.
   It lets you go berserk.
 t - an amulet of faith (around neck)
Wands
 l - a wand of flame (20/48)
 n - a wand of disintegration (6/24)
 x - a wand of random effects (0/48)
 y - a wand of flame (23/48)
 z - a wand of lightning (3/15)
 C - a wand of slowing (29/48)
 J - a wand of iceblast (13/15)
Scrolls
 j - 12 scrolls of remove curse
 m - 5 scrolls of magic mapping
 K - a scroll of enchant weapon
Potions
 f - a potion of berserk rage
 g - a potion of curing
 h - a potion of invisibility
 k - a potion of might
 p - 4 potions of resistance
 r - a potion of haste
 u - 5 potions of agility
Comestibles
 c - 9 meat rations
 d - 6 slices of pizza
 i - 13 royal jellies
 q - 3 chunks of flesh
 B - 10 beef jerkies


   Skills:
 + Level 9.6 Fighting
 + Level 13.2 Short Blades
 - Level 1.5 Armour
 * Level 11.6 Dodging
 + Level 18.6 Stealth
 - Level 7.3 Shields
 + Level 4.2 Evocations


You had 13 spell levels left.
You didn't know any spells.

Dungeon Overview and Level Annotations

Branches:
Dungeon (12/15)            Temple (1/1) D:7            Lair (4/6) D:11
  Swamp (0/4) Lair:3        Snake (0/4) Lair:4          Orc (0/2) D:10

Altars:
Ashenzari
Cheibriados
Dithmenos
Elyvilon
Fedhas
Gozag
Hepliaklqana
Kikubaaqudgha
Makhleb
Nemelex Xobeh
Okawaru
Qazlal
Ru
Sif Muna
Trog
Uskayaw
Vehumet
Xom
Yredelemnul
Zin
The Shining One
Beogh

Shops:
D:6 (??

Annotations:
D:9 exclusion: oklob plant


Innate Abilities, Weirdness & Mutations

You are small and have problems with some larger weapons.
You are carnivorous and can eat meat at any time.


Message History

The seven-headed hydra bites you!
* * * LOW HITPOINT WARNING * * *
The seven-headed hydra closely misses you.
The seven-headed hydra barely misses you.
The seven-headed hydra bites you but does no damage. x2
The seven-headed hydra bites you!
* * * LOW HITPOINT WARNING * * *
You block the torpor snail's attack.
You puncture the seven-headed hydra!
The seven-headed hydra is severely wounded.
You barely miss the seven-headed hydra.
The seven-headed hydra is severely wounded.
The seven-headed hydra barely misses you.
The seven-headed hydra closely misses you.
The seven-headed hydra bites you.
* * * LOW HITPOINT WARNING * * *
The seven-headed hydra completely misses you.
The seven-headed hydra closely misses you.
The seven-headed hydra bites you.
You die...

.##.............................#
###.............##..............#
##P...........###................
##.............#'##..............
##...........###.[###............
...........†..#....#............#
..............#...##............#
.............##.#D.##...........#
.............##)@w.#.............
..............##:.##.............
.............#.####........>.....
.................................
.................................
.................................
.................................
.................................
.................................


You could see a seven-headed hydra and a torpor snail.

Vanquished Creatures
  The ghost of Nicoed the Fighter, a journeyman OgBe of Trog (D:11)
  Erolcha (D:9)
  2 hydras
  A catoblepas (Lair:4)
  A death yak (Lair:2)
  Sonja (Lair:1)
  A lindwurm (Lair:3)
  3 hill giants
  An ugly thing (IceCv)
  A cyclops (D:11)
  4 elephants (Lair:4)
  Psyche (D:8)
  2 black mambas (Lair:3)
  6 spiny frogs
  A gargoyle (D:10)
  A rime drake (Lair:3)
  4 komodo dragons
  2 trolls
  4 tyrant leeches (Lair:3)
  9 blink frogs
  5 dream sheep (Lair:4)
  2 two-headed ogres (D:11)
  7 hippogriffs
  2 hornets (D:9)
  28 yaks
  A wyvern (Lair:3)
  Grum (D:10)
  A hungry ghost (D:11)
  A water elemental (D:11)
  2 basilisks
  3 vampire mosquitoes (D:11)
  2 swamp worms (Lair:3)
  3 nagas (Lair:4)
  2 soldier ants
  4 water moccasins
  9 porcupines
  5 orc warriors
  14 ice beasts
  A sky beast (D:8)
  3 phantoms
  A necrophage (D:6)
  4 ogres
  11 wolves
  5 centaurs
  5 crocodiles
  9 bullfrogs
  Blork the orc (D:4)
  2 big kobolds
  A gnoll sergeant (D:7)
  2 water moccasin zombies
  5 scorpions
  12 killer bees
  A water moccasin skeleton (D:11)
  3 howler monkeys
  2 electric eels (D:11)
  7 crimson imps
  2 bullfrog zombies
  A human zombie (Ossuary)
  5 orc priests
  7 hounds
  A jelly (D:10)
  2 bullfrog skeletons
  6 orc wizards
  3 iguanas
  10 worker ants
  A killer bee zombie (D:8)
  3 mummies (Ossuary)
  7 gnolls
  Robin (D:2)
  9 adders
  A shadow imp (D:9)
  4 adder zombies (Ossuary)
  5 worms
  2 dart slugs (D:3)
  6 leopard geckos
  21 orcs
  5 giant cockroaches
  13 goblins
  7 hobgoblins
  21 jackals
  13 kobolds
  7 quokkas
  2 ball pythons
  12 bats
  5 frilled lizards
  2 goblin zombies (Ossuary)
  3 hobgoblin zombies (Ossuary)
  3 kobold zombies (Ossuary)
  2 orc zombies (Ossuary)
  A quokka skeleton (D:6)
  2 quokka zombies (Ossuary)
  7 rats
  A rat zombie (Ossuary)
417 creatures vanquished.

Vanquished Creatures (collateral kills)
  5 death yaks (Lair:2)
  An elephant (Lair:4)
6 creatures vanquished.

Vanquished Creatures (others)
  A jackal (D:11)
  2 fungi
  A plant (Lair:2)
4 creatures vanquished.

Grand Total: 427 creatures vanquished

Notes
Turn   | Place    | Note
-------+----------+-------------------------------------------
     0 | D:1      | Monkfish the Kobold Berserker began the quest for the Orb.
     0 | D:1      | Reached XP level 1. HP: 14/14 MP: 1/1
   356 | D:1      | Reached XP level 2. HP: 17/19 MP: 2/2
   361 | D:1      | Reached skill level 1 in Stealth
   951 | D:2      | Reached XP level 3. HP: 23/23 MP: 3/3
   998 | D:2      | Reached skill level 2 in Stealth
  1016 | D:2      | Reached ** piety under Trog
  1097 | D:2      | Found a hide-covered altar of Uskayaw.
  1219 | D:2      | Noticed Robin
  1224 | D:2      | Reached XP level 4. HP: 29/29 MP: 4/4
  1230 | D:2      | Killed Robin
  1325 | D:2      | Reached skill level 3 in Stealth
  2200 | D:3      | Reached skill level 5 in Short Blades
  2200 | D:3      | Reached XP level 5. HP: 33/33 MP: 5/5
  2432 | D:3      | Reached XP level 6. HP: 32/38 MP: 6/6
  2519 | D:3      | Reached skill level 4 in Stealth
  2784 | D:3      | Found a sacrificial altar of Ru.
  2927 | D:4      | Noticed a phantom
  2944 | D:4      | Killed a phantom
  2980 | D:4      | Noticed an ogre
  2993 | D:4      | Killed an ogre
  2993 | D:4      | Reached *** piety under Trog
  2993 | D:4      | Reached skill level 5 in Stealth
  2993 | D:4      | Reached XP level 7. HP: 44/44 MP: 7/7
  3200 | D:4      | Noticed Blork the orc
  3208 | D:4      | Killed Blork the orc
  3480 | D:4      | Reached skill level 6 in Stealth
  3503 | D:4      | Found an ancient bone altar of Kikubaaqudgha.
  3543 | D:4      | Found a shadowy altar of Dithmenos.
  3825 | D:5      | Entered Level 5 of the Dungeon
  3907 | D:5      | Reached XP level 8. HP: 37/48 MP: 8/8
  3977 | D:5      | Reached skill level 5 in Dodging
  4035 | D:5      | Reached skill level 5 in Fighting
  4097 | D:5      | Reached skill level 7 in Stealth
  4476 | D:5      | Reached **** piety under Trog
  4746 | D:6      | Found Puog's Weapon Emporium.
  4813 | D:6      | Found Karuatwi's Magic Scroll Shop.
  4867 | D:6      | Found a sand-covered staircase.
  4903 | Ossuary  | Entered an ossuary
  5058 | Ossuary  | Reached XP level 9. HP: 54/54 MP: 9/9
  5137 | D:6      | Reached skill level 8 in Stealth
  5349 | D:6      | Found an opulent altar of Gozag.
  5367 | D:6      | Reached skill level 9 in Stealth
  5434 | D:6      | Found Pisheuza's Magic Scroll Shoppe.
  5725 | D:7      | Reached skill level 10 in Stealth
  5768 | D:7      | Found a deep blue altar of Sif Muna.
  5860 | D:7      | Found a staircase to the Ecumenical Temple.
  5926 | D:7      | Reached skill level 10 in Short Blades
  6310 | Temple   | Entered the Ecumenical Temple
  6608 | D:8      | Noticed a hippogriff
  6619 | D:8      | Killed a hippogriff
  6619 | D:8      | Reached skill level 11 in Stealth
  6664 | D:8      | Reached XP level 10. HP: 60/60 MP: 10/10
  6701 | D:8      | Found a stormy altar of Qazlal.
  7085 | D:8      | Noticed Psyche
  7098 | D:8      | Killed Psyche
  7098 | D:8      | Reached skill level 12 in Stealth
  7273 | D:9      | Noticed Erolcha
  7292 | D:9      | Killed Erolcha
  7292 | D:9      | Reached skill level 13 in Stealth
  7342 | D:9      | Found a glowing silver altar of Zin.
  7509 | D:9      | Found an iron altar of Okawaru.
  7532 | D:9      | Reached ***** piety under Trog
  7544 | D:9      | Got a slimy cloak
  7593 | D:9      | Received a gift from Trog
  7718 | D:9      | Found a blossoming altar of Fedhas.
  7996 | D:9      | Noticed an oklob plant
  8066 | D:9      | Identified a scroll of acquirement
  8067 | D:9      | Got a warped amethyst amulet
  8068 | D:9      | Identified the amulet of the Spinneret {+Rage rF- Str+2 Int+4 Dex+2} (You acquired it on level 9 of the Dungeon)
  8069 | D:9      | Identified the cursed +0 cloak of Servitude {*Corrode rElec rF++} (You found it on level 9 of the Dungeon)
  8088 | D:10     | Entered Level 10 of the Dungeon
  8088 | D:10     | Noticed a hill giant
  8097 | D:10     | Killed a hill giant
  8097 | D:10     | Reached skill level 14 in Stealth
  8097 | D:10     | Reached XP level 11. HP: 45/67 MP: 11/11
  8240 | D:10     | Noticed a hill giant
  8254 | D:10     | Killed a hill giant
  8320 | D:10     | Found a staircase to the Orcish Mines.
  8327 | D:10     | Found a roughly hewn altar of Beogh.
  8419 | D:10     | Reached skill level 15 in Stealth
  8605 | D:10     | Noticed Grum
  8613 | D:10     | Killed Grum
  8713 | D:10     | Got a distressingly furry buckler
  8714 | D:10     | Identified the +3 buckler of Gestures {*Drain rC+++ Slay+5} (You found it on level 10 of the Dungeon)
  9008 | D:11     | Reached skill level 1 in Shields
  9035 | D:11     | Found a staircase to the Lair.
  9056 | D:11     | Noticed Nicoed's ghost (journeyman OgBe)
  9059 | D:11     | Reached skill level 16 in Stealth
  9060 | D:11     | Noticed an eight-headed hydra
  9072 | D:11     | Killed Nicoed's ghost
  9072 | D:11     | Reached XP level 12. HP: 40/73 MP: 12/12
  9181 | D:11     | Killed an eight-headed hydra
  9485 | D:11     | Reached skill level 1 in Evocations
  9940 | Lair:1   | Entered Level 1 of the Lair of Beasts
 10284 | Lair:1   | Reached skill level 17 in Stealth
 10422 | Lair:1   | Noticed Sonja
 10511 | Lair:1   | Killed Sonja
 10669 | Lair:2   | Reached skill level 5 in Shields
 10936 | Lair:2   | Reached XP level 13. HP: 45/79 MP: 14/14
 11479 | Lair:2   | Reached skill level 10 in Dodging
 11946 | Lair:3   | Found a frozen archway.
 12029 | IceCv    | Entered an ice cave
 12391 | Lair:3   | Noticed a four-headed hydra
 12403 | Lair:3   | Killed a four-headed hydra
 12439 | Lair:3   | Reached skill level 18 in Stealth
 12448 | Lair:3   | Found a staircase to the Swamp.
 13247 | Lair:4   | Noticed a catoblepas
 13254 | Lair:4   | Killed a catoblepas
 13373 | Lair:4   | Found a staircase to the Snake Pit.
 13422 | Lair:4   | Reached XP level 14. HP: 28/86 MP: 17/17
 14025 | Lair:4   | Found a runed door.
 14136 | Lair:4   | HP: 4/130 [seven-headed hydra (5)]
 14136 | Lair:4   | Slain by a seven-headed hydra

Skill      XL: |  1  2  3  4  5  6  7  8  9 10 11 12 13 14 |
---------------+-------------------------------------------+-----
Stealth        | 1 2 3 5 6 7 11 14 16 17 18 | 18.6
Dodging        | 3 4 5 6 7 8 9 10 11 | 11.6
Fighting       | 4 5 6 7 8 9 |  9.6
Short Blades   | 5 6 7 9 10 11 12 13 | 13.2
Shields        | 2 5 7 |  7.3
Evocations     | 2 4 |  4.2
Armour         | |  1.5

Action                   |  1- 3 |  4- 6 |  7- 9 | 10-12 | 13-15 || total
-------------------------+-------+-------+-------+-------+-------++-------
Melee: Short sword       |   131 |   197 |   531 |    91 |       ||   950
       Dagger            |       |       |       |   527 |   399 ||   926
Invok: Berserk           |     2 |     3 |    11 |    13 |     9 ||    38
       Trog's Hand       |     1 |     1 |     4 |    13 |    10 ||    29
       Burn Spellbooks   |       |       |       |       |     2 ||     2
       Brothers in Arms  |       |       |       |       |     2 ||     2
Evoke: Wand              |       |       |       |    10 |    17 ||    27
  Use: Scroll            |     3 |     5 |     8 |    12 |    20 ||    48
       Potion            |       |     6 |     2 |     1 |     3 ||    12
 Stab: Sleeping          |     4 |     4 |    26 |    29 |    16 ||    79
       Distracted        |       |       |       |     3 |     1 ||     4
       Invisible         |       |       |       |    11 |     1 ||    12
  Eat: Chunk             |    11 |     8 |    18 |    24 |    15 ||    76
       Meat ration       |       |       |       |     3 |     1 ||     4
Armor: Animal skin       |    21 |       |       |       |       ||    21
       Leather armour    |    15 |    44 |    75 |     5 |       ||   139
       Troll leather arm |       |       |       |    53 |    47 ||   100
Dodge: Dodged            |   108 |   144 |   380 |   348 |   266 ||  1246
Block: Buckler           |       |       |       |   126 |   175 ||   301
